 Dungeon Crawl Stone Soup version 0.20-a0-1017-gc3250ce (webtiles) character file.

69 Monsterracer the Gusty (level 4, -2/24 HPs)
             Began as a Tengu Air Elementalist on Apr 16, 2017.
             Killed from afar by Natasha (8 damage)
             ... with a magic dart
             ... on level 2 of the Dungeon.
             The game lasted 00:03:54 (1364 turns).

Monsterracer the Gusty (Tengu Air Elementalist)     Turns: 1364, Time: 00:03:55

Health: -2/24      AC:  2    Str:  8    XL:     4   Next: 20%
Magic:  3/8        EV: 13    Int: 16    God:
Gold:   87         SH:  0    Dex: 15    Spells: 2/8 levels left

rFire    . . .     SeeInvis .   d - +0 whip
rCold    . . .     Gourm    .   (no shield)
rNeg     . . .     Faith    .   a - +0 robe
rPois    .         Spirit   .   (helmet restricted)
rElec    .         Reflect  .   (no cloak)
rCorr    .         Harm     .   (no gloves)
MR       .....                  (boots unavailable)
Stlth    ++........             (no amulet)
Regen    0.1/turn               (no ring)
MPRegen  0.2/turn               (no ring)

@: very slightly contaminated
A: beak, talons 3
a: no special abilities


You were on level 2 of the Dungeon.
You were not hungry.

You visited 1 branch of the dungeon, and saw 2 of its levels.

You collected 87 gold pieces.

Inventory:

Hand Weapons
 d - a +0 whip (weapon)
 k - a +2 hand axe of freezing
Armour
 a - a +0 robe (worn)
Scrolls
 e - a scroll of recharging {unknown}
 g - a scroll of identify {unknown}
 h - 2 scrolls of remove curse {unknown}
Potions
 j - a potion of heal wounds
Books
 b - a book of Air

   Spells                             Type                      Level
   a - Shock                          Conjuration/Air              1
   b - Swiftness                      Charms/Air                   2
   c - Static Discharge               Conjuration/Air              3
   d - Airstrike                      Air                          4
   e - Lightning Bolt                 Conjuration/Air              5
Comestibles
 c - 3 bread rations
 i - a meat ration
 l - 2 chunks of flesh


   Skills:
 - Level 2.1 Dodging
 - Level 2.0 Stealth
 + Level 2.5 Spellcasting
 * Level 3.3 Conjurations
 * Level 5.2 Air Magic


You had 2 spell levels left.
You knew the following spells:

 Your Spells              Type           Power        Failure   Level  Hunger
a - Shock                 Conj/Air       ###.         4%          1    #......
b - Swiftness             Chrm/Air       ##......     12%         2    ##.....
c - Static Discharge      Conj/Air       ###.....     12%         3    ###....


Dungeon Overview and Level Annotations

Branches:
Dungeon (2/15)

Altars:

Annotations:
D:2 Natasha, Sigmund


Innate Abilities, Weirdness & Mutations

You have a beak for a mouth.
You have claws for feet.


Message History

Confirm with . or Enter, or press ? or * to list all spells.
You miscast Swiftness.
You are very lightly contaminated with residual magic.
Your surroundings suddenly seem different.
You feel sick.
You feel sick.
You feel sick. Sigmund casts a spell at you. The puff of flame hits you!
You feel sick.
You are no longer poisoned.
Natasha stares at you and mumbles some strange words.
The magic dart hits you!
* * * LOW HITPOINT WARNING * * *
There is a stone staircase leading up here.
Natasha wildly gestures.
Natasha shimmers violently.
Natasha stares at you and mumbles some strange words.
The magic dart hits you!
You die...

#.####......
##.##.@..##..
##..##.##.....
###########).###.####...
............##...# #.##
............##.### #..
...........@...# ##..
.........h#.....รท.... #
.?...).@..##########.
#...........#
#....)......###
#.............#
#.........#####
#.........# ###########


You could see Sigmund and Natasha.

Vanquished Creatures
  Natasha (D:2)
  An adder (D:2)
  A worm (D:2)
  A dart slug (D:1)
  A leopard gecko (D:1)
  4 bats
  2 giant cockroaches (D:2)
  4 goblins
  4 hobgoblins
  4 frilled lizards
  2 kobolds (D:1)
  4 rats
29 creatures vanquished.

Notes
Turn   | Place    | Note
-------+----------+-------------------------------------------
     0 | D:1      | Monsterracer the Tengu Air Elementalist began the quest for the Orb.
     0 | D:1      | Reached XP level 1. HP: 10/10 MP: 4/4
    96 | D:1      | Reached XP level 2. HP: 15/15 MP: 0/6
   151 | D:1      | Learned a level 2 spell: Swiftness
   795 | D:1      | Reached XP level 3. HP: 19/19 MP: 4/7
   800 | D:1      | Learned a level 3 spell: Static Discharge
  1210 | D:2      | Noticed Natasha
  1214 | D:2      | Killed Natasha
  1214 | D:2      | Reached skill level 5 in Air Magic
  1214 | D:2      | Reached XP level 4. HP: 20/24 MP: 1/8
  1296 | D:2      | Noticed Sigmund
  1329 | D:2      | Noticed Natasha
  1364 | D:2      | Killed from afar by Natasha

Vault maps used:
D:1:      shiori_arrival_maze, minmay_door_square, minmay_misc_feat_alley
D:2:      first_bread, uniq_natasha, uniq_sigmund

Skill      XL: |  1  2  3 |
---------------+----------+-----
Conjurations   | 2 3 |  3.3
Air Magic      | 5 |  5.2
Dodging        | |  2.1
Stealth        | |  2.0
Spellcasting   | |  2.5

Action                   |  1- 3 |  4- 6 || total
-------------------------+-------+-------++-------
Melee: Whip              |     2 |       ||     2
 Cast: Shock             |    55 |     7 ||    62
       Static Discharge  |     1 |       ||     1
  Use: Potion            |     4 |     1 ||     5
       Scroll            |       |     1 ||     1
  Eat: Chunk             |     2 |       ||     2
Dodge: Dodged            |     5 |     2 ||     7
